 Dungeon Crawl Stone Soup version 0.26.1-11-gd32895ea62 (webtiles) character file.

Game seed: 5192983635224300701

808901 Soul3d the Slayer (level 27, -6/176 HPs)
             Began as a Deep Elf Ice Elementalist on May 25, 2021.
             Was the Champion of Vehumet.
             Mangled by a shard shrike (14 damage)
             ... on level 7 of Cocytus on May 30, 2021.
             The game lasted 07:52:34 (110541 turns).

Soul3d the Slayer (Deep Elf Ice Elementalist)     Turns: 110541, Time: 07:52:35

Health: -6/176     AC: 26    Str:  8    XL:     27
Magic:  1/61       EV: 24    Int: 49    God:    Vehumet [******]
Gold:   3552       SH:  9    Dex: 19    Spells: 8/72 levels left

rFire    + + .     SeeInvis +   A - staff of cold
rCold    + + .     Faith    .   L - +3 buckler {rF+}
rNeg     + . .     Spirit   .   G - +5 ring mail of the Beekeeper {+Fly Str+5}
rPois    .         Reflect  .   X - +2 helmet {Int+3}
rElec    +         Harm     .   j - +0 cloak of Parts Unknown {rN+ Dex+4 SInv}
rCorr    .         Rampage  .   d - +2 pair of gloves "Earthly Heaven" {Str-4 Int+6 Slay+2}
Will     ++++.     Clarity  +   c - +4 pair of boots of Beogh's Pride {rC- Will+ MP+9 Slay+5}
Stlth    ++........             K - amulet of the acrobat
HPRegen  0.39/turn              u - ring of protection from cold
MPRegen  0.37/turn              s - ring of Awe {*Drain rElec rF+ rC+ Int+6}

@: flying
A: hooves 1, yellow scales 1, clarity, deterioration 1, frail 1, strong-willed
1, strong 1, evolution 1
}: 6/15 runes: decaying, slimy, silver, obsidian, abyssal, gossamer
a: Stop Flying, Renounce Religion


You were on level 7 of Cocytus.
You worshipped Vehumet.
Vehumet was exalted by your worship.
You visited 15 branches of the dungeon, and saw 69 of its levels.
You visited the Abyss 6 times.
You also visited: Trove, Bailey, Volcano and Desolation.

You collected 11272 gold pieces.
You spent 7720 gold pieces at shops.

Inventory:

Hand Weapons
 p - the +8 trident of the Octopus King {venom, rElec rPois Will+}
   (You acquired it on level 13 of the Dungeon)

   It poisons the flesh of those it strikes.
   It insulates you from electricity.
   It protects you from poison.
   It affects your willpower, your defense against some magical effects.
Armour
 c - the +4 pair of boots of Beogh's Pride (worn) {rC- Will+ MP+9 Slay+5}
   (You found it in a treasure trove)

   It affects your accuracy and damage with ranged weapons and melee attacks
   (+5).
   It makes you vulnerable to cold.
   It affects your willpower, your defense against some magical effects.
   It affects your magic capacity (+9).
 d - the +2 pair of gloves "Earthly Heaven" (worn) {Str-4 Int+6 Slay+2}
   (You found it in a treasure trove)

   It affects your strength (-4).
   It affects your intelligence (+6).
   It affects your accuracy and damage with ranged weapons and melee attacks
   (+2).
 j - the +0 cloak of Parts Unknown (worn) {rN+ Dex+4 SInv}
   (You found it in a treasure trove)

   It affects your dexterity (+4).
   It protects you from negative energy.
   It lets you see invisible.
 m - the -2 cloak "Xiun" {Harm Regen+ Str+2 Int-2}
   (You found it on level 2 of the Abyss)

   It affects your strength (+2).
   It affects your intelligence (-2).
   It increases your rate of regeneration.
   It increases damage dealt and taken.
 v - the +1 pair of boots of the Candlemaker {Rampage MP+9 Int-2 Dex+9}
   (You acquired it on level 4 of the Depths)

   It affects your intelligence (-2).
   It affects your dexterity (+9).
   It affects your magic capacity (+9).
   It bestows one free step when moving towards enemies.
 G - the +5 ring mail of the Beekeeper (worn) {+Fly Str+5}
   (You found it on level 4 of the Lair of Beasts)

   It affects your strength (+5).
   It lets you fly.
 L - a +3 buckler of fire resistance (worn)
 S - the +1 plate armour of Eternal Vigilance {Int+7, unknown}
   (You found it on level 1 of the Abyss)

   It affects your intelligence (+7).
 X - a +2 helmet of intelligence (worn)
Magical Staves
 a - an uncursed staff of air
 A - an uncursed staff of cold (weapon)
Jewellery
 o - the ring of Scepticism {Will+ MP+9 Int+6}
   (You found it on level 5 of the Vaults)

   [ring of intelligence]

   It affects your intelligence (+6).
   It affects your willpower, your defense against some magical effects.
   It affects your magic capacity (+9).
 r - an uncursed ring of resist corrosion
 s - the ring of Awe (right hand) {*Drain rElec rF+ rC+ Int+6}
   (You bought it in a shop on level 1 of the Depths)

   [ring of intelligence]

   It affects your intelligence (+6).
   It protects you from fire.
   It protects you from cold.
   It insulates you from electricity.
   It causes draining when unequipped.
 u - a ring of protection from cold (left hand)
 x - an uncursed ring of protection from fire
 E - a +6 ring of intelligence
 H - the ring "Wajiac" {+Fly Will+ Slay+2 SInv}
   (You took it off a deep elf death mage on level 5 of the Vaults)

   [ring of flight]

   It affects your accuracy and damage with ranged weapons and melee attacks
   (+2).
   It affects your willpower, your defense against some magical effects.
   It lets you see invisible.
   It lets you fly.
 K - an amulet of the acrobat (around neck)
Wands
 t - a wand of disintegration (9)
 Z - a wand of flame (23)
Scrolls
 b - 8 scrolls of fear
 e - 25 scrolls of remove curse
 h - 26 scrolls of teleportation
 i - a scroll of summoning
 k - 8 scrolls of blinking
 l - a scroll of torment
 n - a scroll of silence
 w - 4 scrolls of enchant weapon
 y - 9 scrolls of amnesia
 B - 4 scrolls of holy word
 C - 10 scrolls of immolation
 N - 4 scrolls of enchant armour
 U - 11 scrolls of identify
 V - 12 scrolls of fog
 W - 4 scrolls of magic mapping
Potions
 f - 12 potions of brilliance
 g - 10 potions of curing
 q - 2 potions of magic
 z - 6 potions of might
 D - 2 potions of invisibility
 F - 6 potions of lignification
 I - 10 potions of ambrosia
 J - 9 potions of heal wounds
 M - 3 potions of mutation
 O - 13 potions of attraction
 P - 7 potions of cancellation
 Q - 16 potions of flight
 R - 5 potions of resistance
 T - 5 potions of haste
 Y - 10 potions of berserk rage


   Skills:
 + Level 26.1 Fighting
 - Level 7.0 Armour
 - Level 20.5 Dodging
 - Level 2.4 Stealth
 - Level 4.0 Shields
 - Level 23.0 Spellcasting
 - Level 7.0 Conjurations
 - Level 7.0 Hexes
 - Level 8.2 Transmutations
 - Level 17.0 Fire Magic
 - Level 20.0 Ice Magic
 - Level 20.0 Air Magic
 - Level 15.0 Earth Magic


You had 8 spell levels left.
You knew the following spells:

 Your Spells              Type           Power        Failure   Level
a - Iron Shot             Conj/Erth      52%          1%          6
b - Frozen Ramparts       Ice            100%         0%          3
d - Summon Ice Beast      Ice/Summ       100%         1%          4
f - Freezing Cloud        Conj/Ice/Air   71%          1%          6
g - Tornado               Air            64%          5%          9
h - Airstrike             Air            64%          0%          4
i - Ozocubu's Refrigerat  Ice            77%          1%          6
j - Inner Flame           Hex/Fire       100%         0%          3
k - Ignition              Fire           61%          1%          8
m - Statue Form           Tmut/Erth      70%          1%          6
n - Absolute Zero         Ice            77%          5%          9

Your spell library contained the following spells:

 Spells                   Type           Power        Failure   Level
 Shatter                  Erth           58%          32%         9
 Foxfire                  Conj/Fire      100%         0%          1
 Freeze                   Ice            100%         0%          1
 Sandblast                Erth           100%         0%          1
 Shock                    Conj/Air       100%         0%          1
 Ensorcelled Hibernation  Hex/Ice        100%         0%          2
 Passwall                 Tmut/Erth      88%          0%          2
 Poisonous Vapours        Pois/Air       100%         0%          2
 Swiftness                Air            100%         0%          2
 Conjure Flame            Conj/Fire      100%         0%          3
 Ozocubu's Armour         Ice            100%         0%          3
 Static Discharge         Conj/Air       100%         0%          3
 Stone Arrow              Conj/Erth      100%         0%          3
 Animate Skeleton         Necr           100%         1%          1
 Apportation              Tloc           100%         1%          1
 Beastly Appendage        Tmut           100%         1%          1
 Corona                   Hex            100%         1%          1
 Magic Dart               Conj           100%         1%          1
 Pain                     Necr           100%         1%          1
 Sting                    Tmut/Pois      100%         1%          1
 Summon Small Mammal      Summ           100%         1%          1
 Blink                    Tloc           N/A          1%          2
 Call Imp                 Summ           54%          1%          2
 Searing Ray              Conj           100%         1%          2
 Slow                     Hex            90%          1%          2
 Wereblood                Tmut           95%          1%          2
 Call Canine Familiar     Summ           54%          1%          3
 Confusing Touch          Hex            90%          1%          3
 Dazzling Flash           Conj/Hex       100%         1%          3
 Gell's Gravitas          Tloc           27%          1%          3
 Ignite Poison            Fire/Tmut/Pois 95%          1%          3
 Lesser Beckoning         Tloc           27%          1%          3
 Mephitic Cloud           Conj/Pois/Air  98%          1%          3
 Portal Projectile        Hex/Tloc       100%         1%          3
 Spider Form              Tmut/Pois      38%          1%          3
 Teleport Other           Tloc           54%          1%          3
 Tukima's Dance           Hex            90%          1%          3
 Vampiric Draining        Necr           27%          1%          3
 Cause Fear               Hex            45%          1%          4
 Fulminant Prism          Conj/Hex       45%          1%          4
 Hailstorm                Conj/Ice       100%         1%          4
 Ice Form                 Ice/Tmut       100%         1%          4
 Iskenderun's Mystic Bla  Conj/Tloc      74%          1%          4
 Leda's Liquefaction      Hex/Erth       52%          1%          4
 Olgreb's Toxic Radiance  Pois           54%          1%          4
 Petrify                  Tmut/Erth      100%         1%          4
 Sticky Flame             Conj/Fire      100%         1%          4
 Blade Hands              Tmut           47%          1%          5
 Bolt of Magma            Conj/Fire/Erth 55%          1%          5
 Borgnjor's Vile Clutch   Necr/Erth      46%          1%          5
 Fireball                 Conj/Fire      54%          1%          5
 Irradiate                Conj/Tmut      46%          1%          5
 Lee's Rapid Deconstruct  Erth           58%          1%          5
 Lightning Bolt           Conj/Air       56%          1%          5
 Metabolic Englaciation   Hex/Ice        68%          1%          5
 Silence                  Hex/Air        56%          1%          5
 Yara's Violent Unravell  Hex/Tmut       46%          1%          5
 Simulacrum               Ice/Necr       62%          1%          6
 Alistair's Intoxication  Tmut/Pois      51%          3%          5
 Hydra Form               Tmut           47%          3%          6
 Summon Mana Viper        Hex/Summ       74%          4%          5
 Chain Lightning          Conj/Air       56%          4%          8
 Invisibility             Hex            90%          5%          6
 Animate Dead             Necr           27%          6%          4
 Passage of Golubria      Tloc           N/A          6%          4
 Lehudib's Crystal Spear  Conj/Erth      52%          13%         8
 Agony                    Necr           54%          19%         5
 Summon Demon             Summ           27%          19%         5
 Summon Forest            Summ/Tloc      27%          19%         5
 Dragon Form              Tmut           47%          19%         7
 Spellforged Servitor     Conj/Summ      37%          32%         7
 Death Channel            Necr           27%          69%         6
 Shadow Creatures         Summ           N/A          69%         6
 Discord                  Hex            45%          94%         8
 Haunt                    Necr/Summ      27%          99%         7
 Summon Hydra             Summ           27%          99%         7
 Fire Storm               Conj/Fire      54%          71%         9
 Dragon's Call            Summ           27%          100%        9


Dungeon Overview and Level Annotations

Branches:
Dungeon (15/15)            Temple (1/1) D:4            Lair (6/6) D:10
  Swamp (4/4) Lair:4       Spider (4/4) Lair:2        Slime (5/5) Lair:5
    Orc (2/2) D:12            Elf (3/3) Orc:2        Vaults (5/5) D:14
  Crypt (3/3) Vaults:3       Tomb (1/3) Crypt:3      Depths (5/5) D:15
   Hell (visited)             Dis (0/7) Hell            Geh (7/7) Hell
    Coc (7/7) Hell            Tar (0/7) Hell            Zot (0/5) Depths:5
 Bailey (visited)         Volcano (visited)         Desolation (visited)

Altars:
Ashenzari
Cheibriados
Dithmenos
Elyvilon
Gozag
Kikubaaqudgha
Makhleb
Nemelex Xobeh
Qazlal
Ru
Sif Muna
Trog
Uskayaw
Vehumet
Wu Jian
Yredelemnul
Zin
The Shining One
Lugonu

Shops:
D:7 *   D:10 [   D:12 :   D:13 !*?[   D:15 ?   Orc:2 [=(=   Elf:1 !   Elf:2 *?
Elf:3 [[[=   Depths:1 =   Depths:4 ?!?

Portals:
Hell: Depths:1 Depths:2 Depths:3 Depths:4 Depths:5
Abyss: Depths:3 Depths:4
Pandemonium: Depths:1 Depths:2 Depths:3 Depths:4 Depths:5
Ziggurat: Depths:5

Annotations:
D:3 exclusion: downstairs
D:6 exclusion: downstairs
D:13 exclusion: upstairs
Swamp:1 exclusion: 2 downstairs
Swamp:2 exclusion: ice statue
Spider:2 1 runed translucent door, YannSP's ghost, journeyman GrEE
Elf:1 exclusion: downstairs
Elf:2 2 runed translucent doors
Crypt:3 1 exclusion
Depths:1 2 transporters, Emparodu's ghost, adept TrMo
Depths:2 exclusion: 2 downstairs
Coc:7 exclusion: 2 ice statues


Innate Abilities, Weirdness & Mutations

You have large cloven feet.
You are partially covered in yellow scales. (AC +2)
You possess an exceptional clarity of mind.
Your body sometimes deteriorates upon taking damage.
You are frail. (-10% HP)
You are strong-willed. (Will+)
Your muscles are strong. (Str +2)
You evolve.


Message History

The shard shrike is lightly wounded.
The fireball engulfs the shard shrike!!
The shard shrike is moderately wounded.
You are engulfed in freezing vapours.
You resist.
* * * LOW HITPOINT WARNING * * *
You hear a shout!
Something shouts, "Slither hence, thou grime-gilt fen-sucked tiler!"
The shard shrike is engulfed in a cloud of scalding steam. x2
The shard shrike claws you but does no damage.
The shard shrike is engulfed in a cloud of scalding steam.
The frost giant is engulfed in a cloud of scalding steam.
You hit the shard shrike.
The shard shrike is moderately wounded.
You are engulfed in freezing vapours.
You resist.
* * * LOW HITPOINT WARNING * * *
The shard shrike is engulfed in a cloud of scalding steam.
The shard shrike claws you!
* * * LOW HITPOINT WARNING * * *
The shard shrike freezes you! You resist.
You die...

,,,,,,,,,..≈≈≈≈.)..∩.#
,,,,,,,,,...≈≈≈......#
,,,,,,,,,...b≈≈≈..∩..#
******,,,..≈≈≈≈≈....##
***,,≈≈≈≈≈≈≈...#
****##≈≈≈≈≈.## ****#**
##≈§§§≈#
****,,,..######§b≈#*
**,,,,,,.....###@#≈≈#
,,,,,,,≈≈≈≈≈....###≈#
,,,,,≈≈≈≈≈≈≈≈≈...#*##
,,,≈≈≈≈≈≈≈≈≈≈≈≈..##
,,≈≈≈≈≈≈≈≈≈≈≈≈§...#
≈≈≈≈≈≈≈≈≈≈≈≈≈≈§§..#
≈≈≈≈≈,,,.≈≈≈≈≈§§..#
≈≈≈,,,,,...≈≈≈≈≈..#
≈,,,,***#...≈≈≈≈..#


You could see a shard shrike.

Vanquished Creatures
  Antaeus (Coc:7)
  Asmodeus (Geh:7)
  the Royal Jelly (Slime:5)
  Mara (Swamp:3)
  An ancient lich (Vaults:5)
  2 juggernauts
  Sojobo (Crypt:1)
  3 royal mummies
  Bai Suzhen (Vaults:2)
  12 shard shrikes
  Margery (Crypt:1)
  Xtahua (Crypt:2)
  2 caustic shrikes (Depths:3)
  6 golden dragons
  Geryon (Hell)
  Jory (Crypt:1)
  5 bone dragons
  11 Brimstone Fiends
  2 hellephants (Abyss:3)
  6 tentacled monstrosities
  13 liches
  5 Ice Fiends
  7 titans
  Asterion (Depths:2)
  2 quicksilver dragons
  Murray (Hell)
  A deep elf master archer (Elf:3)
  An Executioner (Abyss:3)
  21 acid blobs
  18 tentacled starspawn
  5 ancient champions
  7 sphinxes
  A thorn hunter (Swamp:1)
  A sphinx (shapeshifter) (D:14)
  4 tengu reavers
  9 shadow dragons
  4 revenants
  A draconian monk (Depths:5)
  Donald (Spider:1)
  9 storm dragons
  7 deep elf sorcerers
  11 azure jellies
  A fenstrider witch (shapeshifter) (Vaults:5)
  Aizul (Depths:2)
  An azure jelly (shapeshifter) (Vaults:5)
  18 fire giants
  5 emperor scorpions
  A draconian scorcher (Abyss:1)
  3 cacodemons
  An iron dragon (Depths:3)
  Louise (Spider:2)
  9 vault wardens
  3 draconian shifters (Abyss:3)
  12 frost giants
  6 ghost moths
  6 balrugs
  A draconian stormcaller (Depths:5)
  A curse skull (Crypt:1)
  7 deep elf elementalists
  7 ghouls
  An angel (Abyss:1)
  A caustic shrike zombie (Hell)
  26 reapers
  11 ironheart preservers
  An elemental wellspring (Coc:2)
  33 stone giants
  16 very ugly things
  4 war gargoyles
  The ghost of Qeimiotua the Blocker, a journeyman MiFi of Okawaru (Lair:5)
  A green draconian (Depths:5)
  6 vampire knights
  2 purple draconians
  3 deep elf demonologists
  A black draconian (Depths:5)
  The ghost of Qoypruj the Cruncher, a journeyman MiGl of the Shining One (Lair:5)
  2 lorocyprocas (Hell)
  3 bunyips
  3 entropy weavers
  8 deep elf annihilators
  A minotaur (shapeshifter) (D:15)
  4 spark wasps
  6 dire elephants (Abyss:3)
  3 blizzard demons
  The ghost of Darubir the Archer, a journeyman CeAM of Okawaru (Lair:5)
  14 deep elf death magi
  16 ettins
  3 eleionomae
  2 quicksilver dragon zombies
  10 mummy priests
  6 eidola
  15 fire dragons
  12 death oozes
  A merfolk impaler (Depths:5)
  2 kraken zombies
  The ghost of Ypehuijo the Spear-Bearer, a journeyman OpFi of Gozag (Lair:5)
  14 great orbs of eyes
  2 green deaths
  15 yaktaur captains
  2 shambling mangroves (Swamp:4)
  5 jiangshi
  14 ogre magi
  30 vault guards
  Fannar (Lair:1)
  A ragged hierophant (Desolation)
  A monstrous demonspawn (Depths:4)
  8 deep elf high priests
  5 boulder beetles
  12 rakshasas
  5 quicksilver dragon skeletons
  2 hell beasts
  17 ice dragons
  2 naga warriors (Abyss:1)
  Erolcha (Orc:1)
  7 spriggan air magi
  4 ghost crabs
  2 servants of whispers (Desolation)
  21 hydras
  9 centaur warriors
  3 alligators
  A death knight (Crypt:2)
  14 deep troll shamans
  A catoblepas (Lair:5)
  8 death yaks
  25 dancing weapons
  8 tengu warriors
  8 death scarabs (Tomb:1)
  34 two-headed ogres
  12 deep troll earth magi
  38 hell hogs
  3 titan zombies
  4 orc high priests (Orc:2)
  A queen ant (shapeshifter) (Vaults:5)
  10 thrashing horrors
  A queen ant (Spider:4)
  8 vampire magi
  Urug (D:13)
  7 spriggan berserkers
  14 deep elf knights
  49 hell knights
  13 sun demons
  8 soul eaters
  3 iron golems
  A ghost moth zombie (Geh:3)
  17 wretched stars
  A titan skeleton (Crypt:3)
  4 shadow wraiths
  3 iron trolls (Depths:5)
  2 spatial maelstroms (Abyss:3)
  An entropy weaver zombie (Crypt:2)
  3 unseen horrors
  5 anaconda zombies
  2 goliath frogs
  5 sixfirhies
  56 skeletal warriors
  20 deep trolls
  A storm dragon skeleton (Coc:5)
  A glowing orange brain (shapeshifter) (Elf:1)
  4 golden dragon zombies
  A spriggan druid (Swamp:4)
  8 glowing orange brains
  12 bog bodies
  A spark wasp zombie (Crypt:3)
  14 flayed ghosts
  An iron giant zombie (Crypt:3)
  5 shadow dragon zombies
  10 swamp dragons
  5 anaconda skeletons
  16 deep elf archers
  5 lindwurms
  2 orange crystal statues (Depths:1)
  7 wizards
  15 phantasmal warriors
  3 golden dragon skeletons
  A wolf spider zombie (Hell)
  Pikel (D:8)
  14 orb spiders
  13 ironbrand convokers
  23 necromancers
  3 fire giant zombies
  61 deep elf magi
  5 will-o-the-wisps
  6 shining eyes
  An orb spider (shapeshifter) (Vaults:4)
  26 wolf spiders
  2 frost giant zombies (Geh:7)
  3 harpies (Elf:1)
  2 iron dragon zombies
  A shining eye (shapeshifter) (Depths:3)
  14 orc knights
  A stone giant zombie (Geh:7)
  A tengu skeleton (Vaults:3)
  5 orc sorcerers
  2 shadow dragon skeletons
  3 moths of wrath
  2 oklob plants (Lair:4)
  3 salamanders (Geh:7)
  2 salamanders (shapeshifter)
  29 ugly things
  4 cyclopes
  7 worldbinders
  2 wolf spiders (shapeshifter) (Depths:3)
  Maurice (D:10)
  10 manticores (Elf:1)
  A shock serpent zombie (Crypt:3)
  An iron dragon skeleton (Coc:6)
  6 vault sentinels
  2 ice statues (Hell)
  4 frost giant skeletons
  15 rust devils
  2 elephants
  4 dire elephant zombies
  A black mamba (Lair:4)
  16 smoke demons
  2 fire giant skeletons
  3 spriggan zombies (Hell)
  2 guardian serpents (Abyss:1)
  6 eyes of devastation
  A stone giant skeleton (Coc:2)
  12 cane toads
  3 molten gargoyles (Geh:7)
  An emperor scorpion zombie (Coc:7)
  2 torpor snails
  2 apocalypse crabs
  8 orange demons
  7 komodo dragons
  A rime drake (shapeshifter) (Depths:3)
  2 dire elephant skeletons
  5 spectral swamp worms (Depths:2)
  43 yaktaurs
  A kobold demonologist (D:15)
  3 centaur skeletons (D:15)
  13 demonic crawlers
  A yaktaur zombie (Hell)
  A gargoyle (D:13)
  5 efreet
  2 hellwings (Abyss:1)
  A catoblepas skeleton (Crypt:1)
  19 hellions
  A shock serpent skeleton (Coc:2)
  11 tormentors
  37 guardian mummies
  17 ice devils
  26 freezing wraiths
  A catoblepas zombie (Abyss:1)
  2 anaconda simulacra
  7 ancient zymes
  A harpy zombie (Coc:7)
  4 polar bears
  9 hydra zombies
  22 red devils
  39 jumping spiders
  3 tengu conjurers
  A polar bear (shapeshifter) (Elf:2)
  A troll (shapeshifter) (Depths:1)
  A jumping spider (shapeshifter) (Depths:3)
  8 saltlings
  2 tengu simulacra (Vaults:3)
  4 harpy skeletons
  4 tyrant leeches
  22 hornets
  8 trolls
  105 slime creatures
  A sphinx simulacrum (Vaults:2)
  22 raiju
  A raiju (shapeshifter) (Vaults:1)
  6 alligator zombies
  3 fire dragon zombies
  A blink frog (shapeshifter) (Vaults:5)
  9 blink frogs
  3 ettin zombies
  6 hydra skeletons
  A redback (shapeshifter) (Depths:3)
  2 ice dragon skeletons
  3 ice dragon zombies
  42 starcursed masses
  111 flying skulls
  3 alligator skeletons
  16 spriggans
  2 spriggans (shapeshifter)
  16 water elementals
  50 redbacks
  55 yaks
  11 ushabtiu
  5 ynoxinuls
  4 fire bats (Abyss:3)
  15 shadows
  16 large abominations
  A wind drake zombie (Crypt:3)
  2 ettin skeletons
  2 hogs (D:12)
  28 tarantellas
  3 fire dragon skeletons
  2 air elementals
  4 wyverns
  A yak (shapeshifter) (Vaults:2)
  21 fire elementals
  A vampire (D:15)
  2 basilisks
  14 golden eyes
  22 wraiths
  3 black mamba skeletons
  6 neqoxecs
  5 chaos spawn
  A golden eye (shapeshifter) (Depths:3)
  A steam dragon (D:9)
  2 humans (D:12)
  9 vampire mosquitoes
  7 spatial vortices (Abyss:3)
  2 nagas (Abyss:1)
  10 swamp worms
  2 tengu zombies (Hell)
  6 wargs
  Menkaure (D:3)
  7 cane toad zombies
  6 water moccasins
  2 acid dragons
  52 hell hounds
  An infernal demonspawn skeleton (Crypt:3)
  2 deep troll zombies
  A gelid demonspawn skeleton (Crypt:2)
  An orb spider zombie (Crypt:3)
  17 soldier ants (Spider:4)
  4 floating eyes
  2 hydra simulacra (Hell)
  9 swamp drakes
  A swamp drake (shapeshifter) (Depths:3)
  2 sky beasts
  6 ice beasts
  49 orc warriors
  A manticore zombie (Geh:2)
  2 black bears
  8 eyes of draining
  9 necrophages
  A sky beast (shapeshifter) (Depths:2)
  15 boggarts
  3 phantoms
  A snapping turtle zombie (Abyss:1)
  A hog zombie (Crypt:1)
  34 ogres
  2 cane toad skeletons
  24 wolves
  4 snapping turtle skeletons
  22 centaurs
  3 swamp dragon skeletons
  5 big kobolds
  2 lemures (D:8)
  A manticore skeleton (Coc:6)
  A dream sheep skeleton (Crypt:1)
  A big kobold (shapeshifter) (Depths:2)
  3 nameless horrors
  18 bullfrogs
  2 wyvern zombies
  An elf skeleton (Geh:7)
  4 earth elementals
  26 small abominations
  6 scorpions
  A scorpion (shapeshifter) (Vaults:5)
  A water moccasin skeleton (Crypt:3)
  4 killer bees (D:8)
  A human simulacrum (Vaults:3)
  3 electric eels
  2 howler monkeys
  32 wights
  2 lava snakes (Elf:2)
  2 bullfrog zombies
  3 centaur zombies
  6 crimson imps
  8 quasits
  38 orc priests
  7 hounds
  2 jellies
  Crazy Yiuf (D:2)
  2 bullfrog skeletons (D:12)
  A gnoll shaman (D:7)
  2 iron imps
  Terence (D:2)
  5 iguanas
  33 orc wizards
  16 worker ants
  5 hell rats
  A hound zombie (D:7)
  An acid dragon skeleton (Crypt:2)
  16 mummies
  An ogre skeleton (Crypt:3)
  A hound skeleton (D:5)
  10 gnolls
  A howler monkey skeleton (Crypt:2)
  10 adders
  3 shadow imps
  16 white imps
  12 ufetubi
  2 adder zombies
  An adder skeleton (D:9)
  4 worms (D:3)
  A barachi zombie (Crypt:1)
  5 dart slugs
  4 leopard geckos
  126 orcs
  An orc (shapeshifter) (Depths:3)
  A ball python (D:6)
  5 giant cockroaches
  10 goblins
  8 hobgoblins
  15 jackals
  31 kobolds
  6 quokkas
  A river rat zombie (Crypt:1)
  10 bats
  5 frilled lizards
  A gnoll skeleton (Crypt:2)
  A goblin skeleton (Crypt:3)
  A jackal zombie (Crypt:2)
  A leopard gecko zombie (D:9)
  A quokka skeleton (D:5)
  6 rats
  7 blocks of ice
  3 bushes
  3 crawling corpses (Elf:1)
  A lurking horror (Abyss:3)
  11 starspawn tentacles
  3 tentacles
  2 toadstools (Swamp:1)
3413 creatures vanquished.

Vanquished Creatures (collateral kills)
  Kirke (D:12)
  A sphinx (Tomb:1)
  An azure jelly (Slime:5)
  A bunyip (Swamp:4)
  A spark wasp (Spider:2)
  A deep elf death mage (Elf:3)
  2 ettins
  Harold (D:8)
  9 hydras
  A catoblepas (Lair:2)
  2 alligators
  An ogre mage (Depths:3)
  5 two-headed ogres
  A death yak (Lair:5)
  A death scarab (Tomb:1)
  A tengu warrior (D:12)
  A deep elf knight (Elf:2)
  3 skeletal warriors
  An iron troll (Depths:1)
  A salamander mystic (Volcano)
  A goliath frog (Swamp:1)
  2 anaconda zombies
  A starcursed mass (Abyss:2)
  A spriggan druid (Swamp:4)
  3 bog bodies
  A swamp dragon (Swamp:4)
  An anaconda skeleton (Hell)
  2 orc knights
  An ironbrand convoker (Vaults:4)
  A wolf spider zombie (D:13)
  5 wolf spiders
  A salamander (Volcano)
  A manticore (D:13)
  A deep elf mage (Elf:3)
  A rust devil (Hell)
  2 elephants (Lair:4)
  A human skeleton (Vaults:3)
  A shock serpent zombie (Crypt:2)
  A molten gargoyle (Geh:7)
  2 cane toads
  A gargoyle (D:11)
  Psyche (D:10)
  An orange demon (Abyss:1)
  5 komodo dragons
  3 demonic crawlers
  4 guardian mummies
  A hydra zombie (Coc:2)
  2 trolls
  2 polar bears (Lair:6)
  4 jumping spiders
  3 hornets
  3 tyrant leeches
  2 blink frogs (Lair:4)
  A raiju (Abyss:2)
  Prince Ribbit (D:8)
  10 slime creatures
  An iron dragon simulacrum (Abyss:2)
  A stone giant simulacrum (Vaults:3)
  3 spriggans
  10 yaks
  2 tarantellas (Spider:1)
  5 redbacks
  A small abomination (Abyss:1)
  3 basilisks
  A hog (D:12)
  A tyrant leech zombie (Crypt:3)
  An acid dragon (shapeshifter) (Vaults:2)
  2 vampire mosquitoes
  4 water moccasins
  6 swamp worms
  A warg (Orc:2)
  A cane toad zombie (Geh:2)
  A two-headed ogre skeleton (Crypt:2)
  A black bear (D:10)
  A large abomination (Abyss:2)
  4 orc warriors
  A cane toad skeleton (Hell)
  3 ogres
  3 ice beasts
  A necrophage (Crypt:3)
  21 wolves
  A centaur (D:14)
  3 bullfrogs
  4 earth elementals
  3 scorpions
  2 wights (D:7)
  3 centaur zombies
  A jelly (D:14)
  5 orc priests
  4 hounds
  11 orc wizards
  A bullfrog skeleton (D:13)
  A sky beast zombie (Crypt:2)
  3 mummies
  A gnoll (D:6)
  A shadow imp (D:8)
  A white imp (D:9)
  An adder zombie (D:5)
  A leopard gecko (D:8)
  15 orcs
  A giant cockroach (D:4)
  3 jackals (D:4)
  10 kobolds (Bailey)
  A quokka (D:11)
  A frilled lizard skeleton (Crypt:2)
267 creatures vanquished.

Vanquished Creatures (others)
  A tengu reaver (Crypt:1)
  A deep elf high priest (Elf:3)
  2 hell hogs
  A freezing wraith (Crypt:1)
  2 bloated husks (Swamp:3)
  2 water elementals (Coc:7)
  A human (D:12)
  A neqoxec (Abyss:3)
  A spatial vortex (Abyss:3)
  A small abomination (Abyss:1)
  An orc priest (D:12)
  An adder (D:9)
  An ufetubus (Abyss:1)
  A kobold (D:9)
  121 blocks of ice
  3 bushes (Lair:6)
  16 foxfires
  81 fungi
  144 plants
  38 starspawn tentacles
  5 tentacles
  15 toadstools
440 creatures vanquished.

Grand Total: 4120 creatures vanquished

Notes
Turn   | Place    | Note
-------+----------+-------------------------------------------
     0 | D:1      | Soul3d the Deep Elf Ice Elementalist began the quest for
                  | the Orb.
     0 | D:1      | Reached XP level 1. HP: 10/10 MP: 6/6
   497 | D:1      | Reached XP level 2. HP: 13/15 MP: 3/8
  1248 | D:1      | Reached skill level 5 in Ice Magic
  1248 | D:1      | Reached XP level 3. HP: 19/19 MP: 7/10
  1252 | D:1      | Learned a level 3 spell: Frozen Ramparts
  1258 | D:1      | Learned a level 3 spell: Ozocubu's Armour
  1380 | D:2      | Found a runed translucent door.
  1381 | D:2      | Noticed Crazy Yiuf
  1788 | D:2      | Reached skill level 5 in Spellcasting
  1825 | D:2      | Noticed Terence
  1835 | D:2      | Killed Terence
  1836 | D:2      | Reached XP level 4. HP: 15/24 MP: 8/13
  1963 | D:2      | Found a glowing golden altar of the Shining One.
  2424 | D:2      | Killed Crazy Yiuf
  2876 | D:3      | Reached XP level 5. HP: 22/28 MP: 12/16
  3060 | D:3      | Reached skill level 1 in Fighting
  3080 | D:3      | Learned a level 4 spell: Summon Ice Beast
  3424 | D:3      | Reached XP level 6. HP: 34/34 MP: 14/18
  3443 | D:3      | Reached skill level 2 in Fighting
  4318 | D:4      | Noticed Menkaure
  4557 | D:3      | Killed Menkaure
  4558 | D:3      | Reached skill level 3 in Fighting
  4558 | D:3      | Reached skill level 5 in Dodging
  4558 | D:3      | Reached XP level 7. HP: 7/41 MP: 0/19
  4825 | D:4      | Found a staircase to the Ecumenical Temple.
  4834 | Temple   | Entered the Ecumenical Temple
  4954 | Temple   | Became a worshipper of Vehumet
  5426 | D:4      | Found a hide-covered altar of Uskayaw.
  5510 | D:5      | Entered Level 5 of the Dungeon
  5553 | D:5      | Found a shimmering blue altar of Sif Muna.
  5662 | D:5      | Reached skill level 4 in Fighting
  6181 | D:5      | Reached * piety under Vehumet
  6181 | D:5      | Offered knowledge of Sandblast by Vehumet.
  6311 | D:6      | Reached XP level 8. HP: 13/48 MP: 0/20
  7231 | D:6      | Reached skill level 5 in Fighting
  7804 | D:6      | Found a basalt altar of Yredelemnul.
  7831 | D:6      | Offered knowledge of Shock by Vehumet.
  7853 | D:6      | Reached skill level 10 in Dodging
  8534 | D:6      | Reached XP level 9. HP: 52/54 MP: 20/22
  8684 | D:6      | Reached ** piety under Vehumet
  9375 | D:7      | Offered knowledge of Searing Ray by Vehumet.
  9641 | D:7      | Found Luiri's Assorted Antiques.
  9659 | D:7      | Bought a hardcover book for 375 gold pieces
  9831 | D:8      | Reached *** piety under Vehumet
  9918 | D:8      | Reached skill level 10 in Spellcasting
 10054 | D:8      | Noticed Prince Ribbit
 10061 | D:8      | Killed Prince Ribbit
 10141 | D:8      | Noticed Pikel
 10148 | D:8      | Killed Pikel
 10149 | D:8      | Reached XP level 10. HP: 57/59 MP: 23/26
 10185 | D:8      | Offered knowledge of Olgreb's Toxic Radiance by Vehumet.
 10193 | D:8      | Noticed Harold
 10206 | D:8      | Killed Harold
 10207 | D:8      | Reached skill level 10 in Ice Magic
 10236 | D:8      | Found a shadowy altar of Dithmenos.
 10830 | D:8      | Noticed a two-headed ogre
 10839 | D:8      | Killed a two-headed ogre
 11115 | D:9      | Found a flagged portal.
 11123 | Bailey   | Entered a bailey
 11154 | Bailey   | Reached **** piety under Vehumet
 11184 | Bailey   | Offered knowledge of Irradiate by Vehumet.
 11284 | Bailey   | Reached skill level 6 in Fighting
 11352 | Bailey   | Found a burning altar of Makhleb.
 11808 | D:9      | Reached skill level 7 in Fighting
 12270 | D:10     | Entered Level 10 of the Dungeon
 12293 | D:10     | Noticed a two-headed ogre
 12302 | D:10     | Killed a two-headed ogre
 12326 | D:10     | Reached skill level 8 in Fighting
 12509 | D:10     | Reached XP level 11. HP: 57/69 MP: 6/27
 12680 | D:10     | Found a staircase to the Lair.
 12744 | D:10     | Found Nueqoq's Antique Armour Shoppe.
 12752 | D:10     | Bought a pair of dazzling boots for 247 gold pieces
 12757 | D:10     | Identified the cursed +0 pair of boots "Ytajem" {Will+
                  | Dex+3} (You bought it in a shop on level 10 of the Dungeon)
 12908 | D:10     | Reached ***** piety under Vehumet
 12913 | D:10     | Reached skill level 9 in Fighting
 12916 | D:10     | Offered knowledge of Freezing Cloud by Vehumet.
 13124 | D:10     | Noticed Maurice
 13168 | D:10     | Killed Maurice
 13353 | D:10     | Noticed Psyche
 13362 | D:10     | Killed Psyche
 13912 | D:11     | Reached skill level 10 in Fighting
 13931 | D:11     | Noticed a cyan ugly thing
 13941 | D:11     | Killed a cyan ugly thing
 14546 | D:11     | Learned a level 6 spell: Freezing Cloud
 14953 | D:12     | Noticed a deep elf mage
 14964 | D:12     | Killed a deep elf mage
 15061 | D:12     | Noticed Kirke
 15198 | D:12     | Killed Kirke
 15262 | D:12     | Found Gaok's Book Boutique.
 15386 | Lair:1   | Entered Level 1 of the Lair of Beasts
 15401 | Lair:1   | Noticed Fannar
 15477 | Lair:1   | Killed Fannar
 15798 | Lair:1   | Reached XP level 12. HP: 77/77 MP: 25/28
 15855 | Lair:1   | Found a dark tunnel.
 15907 | Volcano  | Entered a volcano
 15986 | Volcano  | Found a bloodstained altar of Trog.
 15998 | Volcano  | Noticed a red draconian
 17019 | Lair:2   | Noticed a six-headed hydra
 17052 | Lair:1   | Killed a six-headed hydra
 17336 | Lair:2   | Noticed a boulder beetle
 17351 | Lair:2   | Killed a boulder beetle
 17609 | Lair:2   | Found a hole to the Spider Nest.
 17899 | Lair:2   | Noticed a catoblepas
 17914 | Lair:2   | Killed a catoblepas
 18580 | D:12     | Bought a book of Ice for 715 gold pieces
 18587 | D:12     | Learned a level 6 spell: Ozocubu's Refrigeration
 18798 | D:12     | Noticed a five-headed hydra
 18801 | D:12     | Killed a five-headed hydra
 18889 | D:12     | Noticed a tengu warrior
 18901 | D:12     | Killed a tengu warrior
 19208 | D:12     | Found a staircase to the Orcish Mines.
 19801 | Lair:3   | Offered knowledge of Bolt of Magma by Vehumet.
 20236 | Lair:3   | Reached XP level 13. HP: 76/83 MP: 26/30
 20809 | Lair:4   | Reached skill level 11 in Fighting
 21024 | Lair:4   | Got a crude ring mail
 21034 | Lair:4   | Identified the +5 ring mail of the Beekeeper {+Fly Str+5}
                  | (You found it on level 4 of the Lair of Beasts)
 21134 | Lair:4   | Found a staircase to the Swamp.
 22350 | Lair:5   | Found a staircase to the Slime Pits.
 22356 | Lair:5   | Reached skill level 12 in Fighting
 22356 | Lair:5   | Reached skill level 1 in Armour
 22574 | Lair:5   | Found an ancient bone altar of Kikubaaqudgha.
 22693 | Lair:5   | Found a runed translucent gate.
 22693 | Lair:5   | Found a runed translucent gate.
 22694 | Lair:5   | Found a runed translucent gate.
 22694 | Lair:5   | Noticed Darubir's ghost (journeyman CeAM)
 22694 | Lair:5   | Noticed Qoypruj's ghost (journeyman MiGl)
 22694 | Lair:5   | Noticed Qeimiotua's ghost (journeyman MiFi)
 22694 | Lair:5   | Noticed Ypehuijo's ghost (journeyman OpFi)
 23093 | Lair:6   | Entered Level 6 of the Lair of Beasts
 23396 | Lair:6   | Reached skill level 5 in Armour
 23638 | Lair:6   | Reached XP level 14. HP: 85/92 MP: 24/32
 23682 | Lair:6   | Offered knowledge of Lightning Bolt by Vehumet.
 25177 | Orc:1    | Entered Level 1 of the Orcish Mines
 25195 | Orc:1    | Reached ****** piety under Vehumet
 25352 | Orc:1    | Noticed Erolcha
 25354 | Orc:1    | Killed Erolcha
 25425 | Orc:1    | Offered knowledge of Fireball by Vehumet.
 25956 | Orc:2    | Entered Level 2 of the Orcish Mines
 25960 | Orc:2    | Reached skill level 15 in Spellcasting
 26039 | Orc:2    | Found a staircase to the Elven Halls.
 26482 | Orc:2    | Found Wunuhub's Antique Armour Shop.
 26482 | Orc:2    | Found Mofaebaz's Jewellery Shop.
 26493 | Orc:2    | Found Huot's Jewellery Boutique.
 26499 | Orc:2    | Found Fiffestro's Antique Weapon Boutique.
 26521 | Orc:2    | Offered knowledge of Starburst by Vehumet.
 26692 | D:12     | Bought a book of Annihilations for 1214 gold pieces
 26702 | D:12     | Learned a level 9 spell: Absolute Zero
 27244 | Spider:1 | Entered Level 1 of the Spider Nest
 27244 | Spider:1 | Noticed Donald
 27248 | Spider:1 | Killed Donald
 27249 | Spider:1 | Reached skill level 13 in Fighting
 27565 | Lair:2   | Reached XP level 15. HP: 98/99 MP: 18/36
 27762 | D:13     | Found Xenk's Armour Emporium.
 28193 | D:13     | Found Pyriuxij's Magic Scroll Emporium.
 28462 | D:13     | Found Mosk's Distillery.
 28470 | D:13     | Bought a potion of heal wounds for 85 gold pieces
 28578 | D:13     | Found Ybbieq's General Store.
 28876 | D:13     | Noticed Urug
 28878 | D:13     | Killed Urug
 29359 | D:14     | Noticed a fire giant
 29359 | D:14     | a fire giant changed into an iron troll
 29366 | D:14     | Noticed a fenstrider witch
 29367 | D:14     | Noticed a frost giant
 29367 | D:14     | a fenstrider witch changed into a frost giant
 29585 | Swamp:1  | Entered Level 1 of the Swamp
 29736 | Swamp:1  | Noticed a thorn hunter
 29739 | Swamp:1  | Killed a thorn hunter
 29740 | Swamp:1  | Reached skill level 14 in Fighting
 30054 | Swamp:1  | Offered knowledge of Iron Shot by Vehumet.
 30148 | Swamp:1  | Found a radiant altar of Vehumet.
 30954 | Swamp:2  | Learned a level 2 spell: Searing Ray
 30954 | Swamp:2  | Found a frozen archway.
 31995 | Swamp:3  | Reached skill level 15 in Fighting
 32032 | Swamp:3  | Noticed Mara
 32175 | Swamp:3  | Killed Mara
 32621 | Swamp:3  | Reached skill level 15 in Ice Magic
 32955 | Swamp:4  | Entered Level 4 of the Swamp
 33110 | Swamp:4  | Reached XP level 16. HP: 108/108 MP: 24/37
 33499 | Swamp:3  | Offered knowledge of Spellforged Servitor by Vehumet.
 34314 | Swamp:4  | Reached skill level 15 in Dodging
 34314 | Swamp:4  | Reached skill level 1 in Air Magic
 34990 | Swamp:4  | Got a decaying rune of Zot
 35170 | Swamp:4  | Reached skill level 5 in Air Magic
 35663 | D:12     | Bought a book of Air for 385 gold pieces
 35668 | D:12     | Learned a level 4 spell: Airstrike
 36010 | Spider:1 | You fall into a shaft and drop 1 floor!
 36335 | Spider:2 | Identified the Papyrus of Supportive Flames
 36438 | Spider:1 | Identified a scroll of acquirement
 36441 | Spider:1 | Acquired the +2 pair of gloves "Enagah" {Int+2}
 36598 | Spider:1 | Learned a level 6 spell: Invisibility
 36694 | Spider:1 | Reached skill level 1 in Hexes
 37441 | D:14     | Found a gate to the Vaults.
 37570 | D:14     | Noticed a sphinx
 37578 | D:14     | Killed a sphinx
 37905 | D:15     | Entered Level 15 of the Dungeon
 37928 | D:15     | Found a staircase to the Depths.
 37950 | D:15     | Reached skill level 5 in Hexes
 38901 | D:15     | Found Xofofaa's Magic Scroll Shoppe.
 39157 | D:15     | Offered knowledge of Shatter by Vehumet.
 39157 | D:15     | Offered knowledge of Tornado by Vehumet.
 39157 | D:15     | Offered knowledge of Ignition by Vehumet.
 39736 | Spider:2 | Reached XP level 17. HP: 85/113 MP: 38/38
 40310 | Spider:2 | Noticed Louise
 40321 | Spider:2 | Cast into level 3 of the Abyss (Louise)
 40334 | Abyss:3  | Learned a level 3 spell: Inner Flame
 40526 | Spider:2 | Escaped the Abyss
 40529 | Spider:2 | Killed Louise
 41009 | Spider:2 | Found a runed translucent door.
 41010 | Spider:2 | Noticed YannSP's ghost (journeyman GrEE)
 42230 | Spider:3 | Identified Dunteggaef's Grimoire of Shifting Enchantment
 42706 | Spider:4 | Entered Level 4 of the Spider Nest
 43959 | Spider:4 | Got a gossamer rune of Zot
 44242 | Elf:1    | Entered Level 1 of the Elven Halls
 44292 | Elf:1    | Reached XP level 18. HP: 119/119 MP: 42/42
 44353 | D:12     | Bought a book of Flames for 385 gold pieces
 45291 | Elf:1    | Reached skill level 1 in Fire Magic
 45638 | Elf:1    | Found Viwuab's Distillery.
 45641 | Elf:1    | Bought a potion of mutation for 120 gold pieces
 46554 | Elf:1    | Reached skill level 1 in Shields
 47567 | Elf:2    | Reached skill level 5 in Fire Magic
 48039 | Elf:2    | Found Onaclauq's Magic Scroll Emporium.
 48153 | Elf:2    | Found Ucanudeot's Elven Fire.
 48576 | Elf:2    | Found a large runed translucent door.
 48576 | Elf:2    | Found a large runed translucent door.
 48603 | Elf:2    | Found a large runed translucent door.
 48603 | Elf:2    | Found a large runed translucent door.
 50059 | Elf:2    | Found a portal to a secret trove of treasure.
 50219 | Elf:2    | Reached XP level 19. HP: 124/124 MP: 28/44
 50291 | Elf:3    | Entered Level 3 of the Elven Halls
 50451 | Elf:3    | Found Jonnoga's Armour Boutique.
 50455 | Elf:3    | Found Muakkeat's Armour Shop.
 50456 | Elf:3    | Found Gayro's Antique Armour Boutique.
 50776 | Elf:3    | Found Raolom's Jewellery Emporium.
 51403 | Elf:3    | Found the +3 giant club "Skullcrusher" {speed, Str+7}
 53249 | Elf:3    | Identified the +9 scimitar "Eru Dihyle" {freeze, rF++
                  | Str-3}
 53879 | Vaults:1 | Entered Level 1 of the Vaults
 54524 | Vaults:1 | Found a ruined gateway.
 54562 | Desolati | Entered the Desolation of Salt
 56486 | Vaults:2 | Found a basalt altar of Yredelemnul.
 56633 | Vaults:2 | Reached XP level 20. HP: 129/129 MP: 43/46
 57387 | Vaults:2 | Noticed Bai Suzhen
 57390 | Vaults:2 | Killed Bai Suzhen
 59791 | Vaults:3 | Found a staircase to the Crypt.
 59791 | Vaults:3 | Found a basalt altar of Yredelemnul.
 59791 | Vaults:3 | Found an ancient bone altar of Kikubaaqudgha.
 60019 | Vaults:4 | Learned a level 6 spell: Statue Form
 60219 | Vaults:4 | Reached skill level 1 in Transmutations
 60219 | Vaults:4 | Reached skill level 1 in Earth Magic
 60611 | D:13     | Bought a scroll of acquirement for 572 gold pieces
 60611 | D:13     | Bought a scroll of acquirement for 572 gold pieces
 60611 | D:13     | Acquired 1035 gold pieces
 60612 | D:13     | Acquired the +8 trident of the Octopus King {venom, rElec
                  | rPois Will+}
 60613 | D:13     | Found the +8 trident of the Octopus King {venom, rElec
                  | rPois Will+}
 61038 | Vaults:4 | Reached XP level 21. HP: 136/136 MP: 25/47
 61605 | Vaults:4 | Reached skill level 5 in Earth Magic
 61606 | Vaults:4 | Reached skill level 5 in Transmutations
 62385 | Depths:1 | Entered Level 1 of the Depths
 62848 | Depths:1 | Found a transporter.
 62850 | Depths:1 | Noticed a juggernaut
 62851 | Depths:1 | Identified the +9 lajatang of Jaalezeo {vorpal, *Contam
                  | rElec Int+4 Dex+2}
 62855 | Depths:1 | Found a transporter.
 62860 | Depths:1 | Identified the +6 quick blade of Success {antimagic, rF+
                  | Int-4 Dex+6}
 62861 | Depths:1 | Found a bloodstained altar of Trog.
 62861 | Depths:1 | Noticed a juggernaut
 62861 | Depths:1 | Identified the +5 demon whip of Awugeosch {antimagic, MP+9
                  | Str+2 Int+2}
 62865 | Depths:1 | Noticed Emparodu's ghost (adept TrMo)
 62895 | Depths:1 | Found Wecko's Jewellery Shoppe.
 62928 | Depths:1 | Bought the ring of Awe {*Drain rElec rF+ rC+ Int+6} for
                  | 1051 gold pieces
 63237 | Depths:1 | Found a gateway to Hell.
 63361 | Depths:1 | Identified the +11 arbalest "Poinit" {penet, rC+ Will+
                  | Dex+5} (You found it on level 1 of the Depths)
 63617 | Depths:1 | Reached skill level 16 in Fighting
 64038 | Depths:1 | Identified the +0 leather armour of Jisyido {Rampage rN+
                  | rCorr Str+7} (You found it on level 1 of the Depths)
 64168 | Depths:1 | Found a one-way gate leading to the halls of Pandemonium.
 64492 | Lair:5   | Killed Qoypruj's ghost
 64493 | Lair:5   | Killed Darubir's ghost
 64494 | Lair:5   | Killed Ypehuijo's ghost
 64499 | Lair:5   | Killed Qeimiotua's ghost
 64527 | Lair:5   | Got a brightly glowing war axe
 64528 | Lair:5   | Identified the +4 war axe "Elf's Death" {vorpal, Int+5}
                  | (You found it on level 5 of the Lair of Beasts)
 64534 | Lair:5   | Got an ancient longbow
 64542 | Lair:5   | Identified the +5 longbow "Ucabam" {flame, Int+2} (You
                  | found it on level 5 of the Lair of Beasts)
 64550 | Lair:5   | Got a crude spear
 64551 | Lair:5   | Identified the cursed +3 spear of Ymodu {venom, +Rage rF+
                  | rN+ Dex+3} (You found it on level 5 of the Lair of Beasts)
 64814 | Depths:2 | Noticed Asterion
 64816 | Depths:2 | Killed Asterion
 64924 | Depths:2 | Identified the +0 cloak of Eternal Vigilance {Str+3} (You
                  | found it on level 2 of the Depths)
 65031 | Depths:2 | Reached skill level 10 in Air Magic
 65628 | Depths:2 | Noticed Aizul
 65632 | Depths:2 | Killed Aizul
 65785 | Depths:2 | Reached XP level 22. HP: 144/144 MP: 33/48
 66051 | Depths:2 | Gained mutation: You are somewhat resistant to further
                  | mutation. [potion of mutation]
 66051 | Depths:2 | Gained mutation: Your mind is acute. (Int +2) [potion of
                  | mutation]
 66051 | Depths:2 | Gained mutation: You are weak. (Str -2) [potion of
                  | mutation]
 66052 | Depths:2 | Lost mutation: You are weak. (Str -2) [potion of mutation]
 66052 | Depths:2 | Lost mutation: Your mind is acute. (Int +2) [potion of
                  | mutation]
 66052 | Depths:2 | Gained mutation: You are partially covered in yellow
                  | scales. (AC +2) [potion of mutation]
 66052 | Depths:2 | Gained mutation: Your spells are a little easier to cast,
                  | but a little less powerful. [potion of mutation]
 66053 | Depths:2 | Lost mutation: Your spells are a little easier to cast, but
                  | a little less powerful. [potion of mutation]
 66053 | Depths:2 | Lost mutation: You are somewhat resistant to further
                  | mutation. [potion of mutation]
 66053 | Depths:2 | Gained mutation: You are clumsy. (Dex -2) [potion of
                  | mutation]
 66053 | Depths:2 | Gained mutation: You have a pair of small antennae on your
                  | head. [potion of mutation]
 66054 | Depths:2 | Lost mutation: You have a pair of small antennae on your
                  | head. [potion of mutation]
 66054 | Depths:2 | Lost mutation: You are clumsy. (Dex -2) [potion of
                  | mutation]
 66054 | Depths:2 | Gained mutation: You possess an exceptional clarity of
                  | mind. [potion of mutation]
 66054 | Depths:2 | Gained mutation: You are strong-willed. (Will+) [potion of
                  | mutation]
 66054 | Depths:2 | Gained mutation: Your muscles are strong. (Str +2) [potion
                  | of mutation]
 66306 | D:10     | Bought a glowing buckler for 195 gold pieces
 66659 | Hell     | Entered the Vestibule of Hell
 66659 | Hell     | Noticed Geryon
 66660 | Hell     | Killed Geryon
 66902 | Depths:3 | Noticed a caustic shrike
 66911 | Depths:3 | Noticed a caustic shrike
 66914 | Depths:3 | Killed a caustic shrike
 67003 | Depths:3 | Reached skill level 17 in Fighting
 67282 | Depths:3 | Killed a caustic shrike
 67804 | Slime:1  | Entered Level 1 of the Pits of Slime
 68780 | Slime:3  | Gained mutation: You expend magic power (3 MP) to
                  | strengthen your wands. [a shining eye]
 70223 | Slime:5  | Entered Level 5 of the Pits of Slime
 70292 | Slime:5  | Reached skill level 15 in Air Magic
 70301 | Slime:5  | Noticed the Royal Jelly
 70609 | Slime:5  | Killed the Royal Jelly
 70610 | Slime:5  | Reached XP level 23. HP: 150/150 MP: 40/49
 71044 | Slime:5  | Got a slimy rune of Zot
 71045 | Slime:5  | Identified the Guide on Excruciating Clay
 71073 | Slime:5  | Identified the +6 arbalest "Urakoiz" {flame, Str+3 Dex+3}
                  | (You found it on level 5 of the Pits of Slime)
 71095 | Slime:5  | Identified the +11 dagger "Awotesu" {venom, +Inv rC+
                  | Stlth+} (You found it on level 5 of the Pits of Slime)
 71510 | Slime:5  | Identified the ring "Vonwipat" {rC+ Str+3} (You found it on
                  | level 5 of the Pits of Slime)
 71573 | Slime:5  | Identified the cursed +1 battleaxe of Xytetak {elec, rF+}
                  | (You found it on level 5 of the Pits of Slime)
 71576 | Slime:5  | Identified the ring "Biriba" {Ice rElec Will+++ Int-4
                  | Stlth+} (You found it on level 5 of the Pits of Slime)
 72259 | Slime:5  | Learned a level 9 spell: Tornado
 73941 | Depths:3 | Identified the cursed +1 plate armour "Cirorow" {Rampage
                  | +Blink rC+++ Dex-2}
 75610 | Depths:3 | Found a one-way gate to the infinite horrors of the Abyss.
 76107 | Depths:2 | SA CRAIN DEPTHS 3
 76326 | Depths:3 | Identified the +9 mace of Flawed Execution {vorpal, +Rage
                  | Stlth+}
 76372 | Depths:3 | Noticed a juggernaut
 76408 | Depths:3 | Killed a juggernaut
 76747 | Depths:3 | Identified the Guide on Scorching Confrontation
 77172 | Depths:3 | Identified the ring "Otenuri" {Ice Will+ MP+9 SInv Stlth-}
                  | (You found it on level 3 of the Depths)
 77178 | Depths:3 | Identified the Incunabulum of Hurtful Execration
 77287 | Depths:3 | Got a crude helmet
 77298 | Depths:3 | Identified the +0 helmet of Xulaty {rElec Str+4 Int-5} (You
                  | found it on level 3 of the Depths)
 77721 | Vaults:5 | Entered Level 5 of the Vaults
 77724 | Vaults:5 | Reached XP level 24. HP: 142/156 MP: 49/49
 78014 | Vaults:5 | Noticed an ancient lich
 78017 | Vaults:5 | Killed an ancient lich
 78258 | Vaults:5 | Reached skill level 10 in Fire Magic
 78851 | Vaults:5 | Identified the ring "Wajiac" {+Fly Will+ Slay+2 SInv}
 79677 | Vaults:5 | Identified the +6 trident of Upheaval {drain, rPois Int+3
                  | SInv} (You found it on level 5 of the Vaults)
 79680 | Vaults:5 | Identified the +9 hand axe "Ciutoh" {elec, +Rage +Fly} (You
                  | found it on level 5 of the Vaults)
 79710 | Vaults:5 | Identified the ring of Scepticism {Will+ MP+9 Int+6} (You
                  | found it on level 5 of the Vaults)
 80449 | Elf:2    | You paid a toll of +3 gold dragon scales to enter a
                  | treasure trove
 80450 | Trove    | Entered a treasure trove
 80467 | Trove    | Got a pair of polished boots
 80469 | Trove    | Got a pair of brightly glowing gloves
 80471 | Trove    | Got a shimmering kite shield
 80485 | Trove    | Got a distressingly furry buckler
 80493 | Trove    | Got a slimy kite shield
 80495 | Trove    | Got a faintly humming cloak
 80521 | Elf:2    | Identified the +4 pair of boots of Beogh's Pride {rC- Will+
                  | MP+9 Slay+5} (You found it in a treasure trove)
 80531 | Elf:2    | Identified the +2 pair of gloves "Earthly Heaven" {Str-4
                  | Int+6 Slay+2} (You found it in a treasure trove)
 80542 | Elf:2    | Identified the +1 kite shield of Cigo {rF- Regen+ rCorr
                  | Str+3} (You found it in a treasure trove)
 80593 | Elf:2    | Identified the +0 kite shield of Prudence {+Inv rPois
                  | Stlth+} (You found it in a treasure trove)
 80613 | Elf:2    | Identified the +3 buckler of Tunlahak {+Blink rCorr Dex-5
                  | SInv} (You found it in a treasure trove)
 80678 | Elf:2    | Identified the +0 cloak of Parts Unknown {rN+ Dex+4 SInv}
                  | (You found it in a treasure trove)
 81451 | Vaults:5 | Got a faintly glowing hand axe
 81451 | Vaults:5 | Identified the cursed +0 hand axe "Lyiwaiqu" {vorpal,
                  | Int+4} (You found it on level 5 of the Vaults)
 81629 | Vaults:5 | Got a silver rune of Zot
 81926 | Depths:3 | Learned a level 8 spell: Ignition
 82518 | Depths:4 | Found Fagguoreaf's Magic Scroll Emporium.
 82518 | Depths:4 | Found Xamu's Distillery.
 82526 | Depths:4 | Bought a potion of heal wounds for 80 gold pieces
 82526 | Depths:4 | Bought a potion of haste for 160 gold pieces
 82526 | Depths:4 | Bought a potion of heal wounds for 80 gold pieces
 82526 | Depths:4 | Bought a potion of curing for 48 gold pieces
 82532 | Depths:4 | Bought a scroll of blinking for 82 gold pieces
 82532 | Depths:4 | Bought a scroll of random uselessness for 11 gold pieces
 82532 | Depths:4 | Bought a scroll of magic mapping for 38 gold pieces
 82532 | Depths:4 | Bought a scroll of magic mapping for 38 gold pieces
 82532 | Depths:4 | Bought 2 scrolls of magic mapping for 77 gold pieces
 82580 | Depths:4 | Found a corrupted altar of Lugonu.
 82638 | Depths:4 | You fall into a shaft and drop 1 floor!
 82638 | Depths:5 | Entered Level 5 of the Depths
 82638 | Depths:5 | Found a gateway to a ziggurat.
 82647 | Depths:5 | Noticed a juggernaut
 82653 | Depths:5 | Killed a juggernaut
 82654 | Depths:5 | Reached skill level 18 in Fighting
 82654 | Depths:5 | Reached XP level 25. HP: 108/163 MP: 21/49
 83663 | Depths:4 | Found Diopligh's Magic Scroll Emporium.
 83666 | Depths:4 | Bought a scroll of acquirement for 1040 gold pieces
 83666 | Depths:4 | Bought a scroll of blinking for 150 gold pieces
 83666 | Depths:4 | Acquired the +1 pair of boots of the Candlemaker {Rampage
                  | MP+9 Int-2 Dex+9}
 83867 | Depths:4 | next dephts 5 ou abyss ?
 84376 | Depths:5 | Learned a level 6 spell: Iron Shot
 85863 | Depths:4 | Reached skill level 10 in Earth Magic
 86031 | Depths:5 | Reached skill level 19 in Fighting
 86072 | Depths:5 | Found a gate to the Realm of Zot.
 86091 | Depths:5 | Found a snail-covered altar of Cheibriados.
 87169 | Crypt:1  | Entered Level 1 of the Crypt
 87242 | Crypt:1  | Noticed Sojobo
 87245 | Crypt:1  | Noticed Jory
 87269 | Crypt:1  | Killed Jory
 89042 | Crypt:1  | Killed Sojobo
 89621 | Crypt:1  | Noticed Margery
 89624 | Crypt:1  | Killed Margery
 91106 | Crypt:2  | Reached XP level 26. HP: 173/173 MP: 49/49
 91106 | Crypt:2  | Noticed Xtahua
 91148 | Crypt:2  | Killed Xtahua
 91152 | Crypt:2  | Reached skill level 20 in Fighting
 91703 | Crypt:3  | Entered Level 3 of the Crypt
 91972 | Crypt:3  | Found a staircase to the Tomb.
 93722 | Crypt:3  | Noticed a royal mummy
 93724 | Crypt:3  | Killed a royal mummy
 93818 | Crypt:3  | Identified the Disquisition on Sinister Magic
 94853 | Tomb:1   | Entered Level 1 of the Tomb of the Ancients
 96066 | Tomb:1   | Noticed a royal mummy
 96071 | Tomb:1   | Killed a royal mummy
 96169 | Tomb:1   | Noticed a royal mummy
 96186 | Tomb:1   | Killed a royal mummy
 96187 | Tomb:1   | Reached skill level 15 in Fire Magic
 97355 | Depths:3 | Voluntarily entered the Abyss.
 97819 | Abyss:2  | Got a brightly glowing cloak
 97830 | Abyss:2  | Identified the -2 cloak "Xiun" {Harm Regen+ Str+2 Int-2}
                  | (You found it on level 2 of the Abyss)
 98145 | Abyss:2  | Gained mutation: Your body sometimes deteriorates upon
                  | taking damage. [a neqoxec]
 98371 | Depths:3 | Escaped the Abyss
 98587 | Depths:3 | Voluntarily entered the Abyss.
 98751 | Abyss:1  | Found an ancient bone altar of Kikubaaqudgha.
 98986 | Abyss:1  | Reached XP level 27. HP: 129/179 MP: 20/52
 99071 | Depths:3 | Escaped the Abyss
 99325 | Depths:3 | Voluntarily entered the Abyss.
100094 | Abyss:3  | Found a shimmering blue altar of Sif Muna.
100299 | Abyss:3  | Gained mutation: Your spells are a little easier to cast,
                  | but a little less powerful. [a neqoxec]
100502 | Depths:3 | Escaped the Abyss
100724 | Depths:3 | Voluntarily entered the Abyss.
100745 | Abyss:1  | Reached skill level 1 in Conjurations
101040 | Depths:3 | Escaped the Abyss
101238 | Depths:3 | Voluntarily entered the Abyss.
101309 | Abyss:1  | Got an ancient plate armour
101332 | Abyss:1  | Reached skill level 5 in Conjurations
101480 | Abyss:1  | Gained mutation: You are frail. (-10% HP) [a cacodemon]
101891 | Abyss:2  | Found a corrupted altar of Lugonu.
102047 | Abyss:3  | Found a corrupted altar of Lugonu.
102102 | Abyss:3  | Found a corrupted altar of Lugonu.
102114 | Abyss:3  | Got an abyssal rune of Zot
102127 | Abyss:3  | Found a corrupted altar of Lugonu.
102132 | Depths:3 | Escaped the Abyss
102136 | Depths:3 | Lost mutation: You expend magic power (3 MP) to strengthen
                  | your wands. [potion of mutation]
102136 | Depths:3 | Lost mutation: Your spells are a little easier to cast, but
                  | a little less powerful. [potion of mutation]
102136 | Depths:3 | Lost mutation: You are strong-willed. (Will+) [potion of
                  | mutation]
102136 | Depths:3 | Gained mutation: You evolve. [potion of mutation]
102136 | Depths:3 | Gained mutation: You have large cloven feet. [potion of
                  | mutation]
102136 | Depths:3 | Gained mutation: You are strong-willed. (Will+) [potion of
                  | mutation]
102264 | Hell     | Reached skill level 15 in Earth Magic
102415 | Hell     | Found a gateway to the Iron City of Dis.
103021 | Hell     | Found a gateway to the freezing wastes of Cocytus.
103028 | Hell     | Noticed Murray
103033 | Hell     | Killed Murray
103042 | Hell     | Reached skill level 21 in Fighting
103196 | Hell     | Found a gateway to the decaying netherworld of Tartarus.
103240 | Hell     | Found a gateway to the ashen valley of Gehenna.
103371 | Geh:1    | Entered Level 1 of Gehenna
104676 | Geh:3    | Reached skill level 22 in Fighting
105789 | Geh:7    | Entered Level 7 of Gehenna
105855 | Geh:7    | Reached skill level 23 in Fighting
106400 | Geh:7    | Found the +7 sceptre of Asmodeus
106400 | Geh:7    | Noticed Asmodeus
106408 | Geh:7    | Killed Asmodeus
106445 | Geh:7    | Got an obsidian rune of Zot
106768 | Coc:1    | Entered Level 1 of Cocytus
106789 | Coc:1    | Reached skill level 24 in Fighting
108498 | Coc:4    | You fall into a shaft and drop 1 floor!
109183 | Coc:6    | Reached skill level 25 in Fighting
109192 | Coc:7    | Entered Level 7 of Cocytus
110502 | Coc:7    | Noticed Antaeus
110503 | Coc:7    | Killed Antaeus
110504 | Coc:7    | Reached skill level 26 in Fighting
110541 | Coc:7    | HP: 8/176 [shard shrike (10)]
110541 | Coc:7    | Mangled by a shard shrike

Illustrated notes

'#'#.#'###'#..'.'#.#######.#####
........................####
######.###.##.####.......#
......).(..........##....#
.....)(............#######
....#...#...........##
#####.[[#####........###
#..#.))[.#.[##.....#...#
...'.'[[.'...##.@..#...#
...###[###[...#..>.....####
.[##..)..##...#...#....##.#
+##...[...##'##...#....#..####
.#....)[...#..##.............####
##..[(<....##..#.................
#....^<<[...#.>#........##..#####
##....<....##..#.......#.#...#
)#.........#..##......##.....##


Turn 76107 on Depths:2: SA CRAIN DEPTHS 3 ..# #..# #..# #..# #... ..#######..#
#..# #..# #... ...........# #..# #..# #... ...........# #..# #..# #..#
..#######..# #..# #..# #..# ..# #..#####..# #..####..# ..# #.........#
#........# ..# #.........# #......... [.# #..#####@.# #..####... ..# #..# #..#
#.^# #..# ..# #..# #..# #..# #..# ..# #..# #..# #.)# #..# ..# #..# #..# #..#
#..# ..# #..# #..# #..# #..# ### #### #### #### #### Turn 83867 on Depths:4:
next dephts 5 ou abyss ?

Levels and vault maps discovered:
D:1:      ebering_trefoil_twist, layout_loops_corners, minmay_tall_x
D:2:      layout_loops_ring, lemuel_coloured_pillars_altar, roderic_lattice_a,
          uniq_crazy_yiuf_cottage, uniq_terence
D:3:      cheibrodos_thug_alley, layout_loops_ring
D:4:      layout_cave_pools, kennysheep_mini_moat,
          minmay_temple_entry_statues_fountains, uniq_menkaure
D:5:      layout_basic, lemuel_doored_altar
D:6:      minmay_skewed_foursquare, layout_layer_cave, kennysheep_little_box
D:7:      layout_cave_pools, serial_shops, shop_statue
D:8:      layout_basic, special_room [special_room_orc], minmay_hedge_maze,
          minivault_19, grunt_dithmenos_smoke_and_mirrors, uniq_harold,
          uniq_prince_ribbit1, uniq_pikel
D:9:      layout_small_grid, enter_bailey_3, dk_noncrumbling_3
D:10:     layout_long_grid, grunt_lair_entry_orc_guard_hut, serial_shops, shop,
          uniq_maurice, uniq_psyche
D:11:     layout_loops_ring
D:12:     layout_roguey, david_orc_2, serial_shops, shop,
          minmay_misc_feat_nine_boxes, uniq_kirke
D:13:     layout_grid_maze, serial_shops, nicolae_shop_window_shopping, shop,
          shop, shop, uniq_urug
D:14:     layout_basic, david_vaults_2, grunt_decor_arrowhead
D:15:     hangedman_depths_entry_try_elsewhere_first, layout_stronghold,
          serial_shops, shop, chequers_serial_rivers_micro_b, minmay_bent
Temple:   dpeg_five_rooms_temple
Lair:1:   layout_regular_city, nicolae_volcano_entry_vermiform, uniq_fannar
Lair:2:   layout_regular_city, spider_nest_entry_web_field, columned_hall_lemuel
Lair:3:   beast_lair_carwin_large_4, layout_cave_shapes, minivault_24,
          lemuel_fruit_tree
Lair:4:   layout_loops_ring, minmay_swamp_entry_swarm,
          minmay_lair_oklob_chamber, infiniplex_staircase_pool_2,
          grunt_megastairs_2
Lair:5:   layout_concentric_octagons, minmay_slime_entry_oklob_open,
          gammafunk_ghost_cemetery, lemuel_centaur_altar
Lair:6:   minmay_lair_end_enchanted_forest, layout_small_grid, serial_forest,
          infiniplex_forest_clump_curved, infiniplex_forest_lined_corner,
          infiniplex_forest_clump_double, infiniplex_forest_lined_3_way,
          infiniplex_forest_straight_2, infiniplex_forest_clump_medium,
          infiniplex_forest_straight_3, grunt_megastairs_3
Swamp:1:  cheibrodos_swamp_tower_of_moss, layout_basic_swamp,
          lemuel_altar_in_water, swamp_pool3
Swamp:2:  layout_basic_swamp, portal_ice_cave_entry_ice_statue_one,
          evilmike_swamp_ruin_house_5, swamp_pool5
Swamp:3:  layout_basic_swamp, evilmike_swamp_ruin_house_3, uniq_mara
Swamp:4:  swamp_alternative, layout_basic_swamp
Spider:1: layout_spider_delve, uniq_donald
Spider:2: layout_spider_delve, ebering_ghost_reflecting_pool, uniq_louise
Spider:3: layout_spider_delve
Spider:4: grunt_spider_rune_parallel, drop_trap, minmay_another_anthill
Slime:1:  layout_caves
Slime:2:  layout_caves
Slime:3:  layout_caves, nicolae_slime_welcoming_committee
Slime:4:  layout_caves
Slime:5
Orc:1:    layout_caves, uniq_erolcha
Orc:2:    st_orc_mages, layout_caves
Elf:1:    layout_geoelf_diagonals, serial_shops, nicolae_shop_behind_doors,
          special_room [special_room_mythical_zoo], minivault_28
Elf:2:    layout_geoelf_grid, serial_shops, shop, nicolae_trove_entry_crystal,
          corexii_leaking_fountain, guppyfry_elf_lava
Elf:3:    minmay_elf_hall_x, layout_geoelf_castle, serial_shops, shop,
          minmay_shop_star
Vaults:1: v_misc_33, vaults_room_octagon, hangedman_vaults_locks,
          vaults_standard_mumra_lines, ontoclasm_vaults_shuriken,
          nicolae_vaults_yaktaur_gun_rack,
          vaults_standard_mumra_enter_the_diamond, ontoclasm_vaults_echo,
          layout_vaults_ring, portal_desolation_entry_nicolae_nacl
Vaults:2: vaults_room_door_ring, hangedman_vaults_maws, grunt_vaults_trifunnel,
          vaults_standard_mumra_x, nicolae_vaults_theta,
          ontoclasm_vaults_loading_screen, layout_vaults_big_room, basic_altar,
          uniq_bai_suzhen
Vaults:3: hangedman_vaults_hat, ontoclasm_vaults_pinch, hangedman_vaults_slice,
          nicolae_vaults_specimen_jars, nicolae_vaults_circle_grid_b, v_misc_10,
          minmay_crypt_entry_necro_gods, ontoclasm_vaults_bender, v_misc_18,
          vaults_room_stairs_pillars, nicolae_vaults_three_branches,
          layout_vaults_omnicross
Vaults:4: ontoclasm_vaults_chip, v_misc_5, v_misc_15, v_misc_13,
          vaults_room_pool, nicolae_vaults_little_squares_3,
          layout_vaults_omnigrid
Vaults:5: serial_shops
Crypt:1:  layout_basic, uniq_margery, uniq_jory, uniq_sojobo
Crypt:2:  layout_chaotic_city, uniq_xtahua
Crypt:3:  due_elkab, layout_chaotic_city, grunt_ministairs_7,
          minmay_guarded_unrand_curses
Tomb:1
Depths:1: layout_long_grid, grunt_hell_horde, gammafunk_ghost_wrathful_warriors,
          rand_demon_pan_entry_4, hangedman_decor_push, minivault_15,
          minivault_16, amcnicky_mini_pool_small,
          minmay_shop_enchanted_jewellery, nrook_campfire,
          minmay_misc_feat_secret_circle, minmay_gold_behind_fungi,
          grunt_ministairs_6, st_stairs_6, minmay_misc_feat_square,
          minmay_misc_feat_hallway, minmay_librarian
Depths:2: hangedman_surveillance_ring, layout_cave_pools,
          grunt_decor_mini_mirrors, rand_demon_pan_entry_1,
          pf_hell_entry_tar_river, infiniplex_staircase_hallway_doors,
          serial_bayou_shore_b, uniq_asterion, uniq_aizul
Depths:3: minmay_the_grid_ultimate [minmay_the_grid_prize_trominoes,
          minmay_the_grid_prize_four_corners_diamond_b,
          minmay_the_grid_prize_inner_circle, minmay_the_grid_prize_big_room,
          minmay_the_grid_square_5x5_bracketed, minmay_the_grid_square_5x5_tie,
          minmay_the_grid_square_5x5_fancy_junction,
          minmay_the_grid_square_5x5_inner_z, minmay_the_grid_square_5x5_fat_x,
          minmay_the_grid_square_5x5_three_walls,
          minmay_the_grid_square_5x5_six_small, minmay_the_grid_square_5x5_c,
          minmay_the_grid_square_5x5_checkered,
          minmay_the_grid_square_5x5_inner_v,
          minmay_the_grid_square_5x5_intrusive_squares,
          minmay_the_grid_square_5x5_one_wall, minmay_the_grid_square_5x5_empty,
          minmay_the_grid_square_5x5_plus, minmay_the_grid_square_5x5_mess,
          minmay_the_grid_triangle_9x9_intruding_spiral,
          minmay_the_grid_triangle_9x9_descending_squares,
          minmay_the_grid_triangle_9x9_stretched_checkered,
          minmay_the_grid_triangle_9x9_steps,
          minmay_the_grid_triangle_9x9_flanged_cone,
          minmay_the_grid_triangle_9x9_sprig,
          minmay_the_grid_triangle_9x9_skeleton,
          minmay_the_grid_triangle_9x9_limited_checkers,
          minmay_the_grid_triangle_9x9_zippers_vertical,
          minmay_the_grid_triangle_9x9_cache,
          minmay_the_grid_triangle_9x9_alien,
          minmay_the_grid_triangle_9x9_impossible_snake,
          minmay_the_grid_triangle_9x9_dagger,
          minmay_the_grid_triangle_9x9_warning,
          minmay_the_grid_triangle_9x9_swiss_cheese,
          minmay_the_grid_triangle_9x9_thin_v, minmay_the_grid_square_5x5_slash,
          minmay_the_grid_octo_concentric, minmay_the_grid_octo_checkered,
          minmay_the_grid_octo_horde, minmay_the_grid_octo_thin_diamonds,
          minmay_the_grid_octo_fan_narrow, minmay_the_grid_octo_clover,
          minmay_the_grid_octo_focus, minmay_the_grid_octo_pinwheel,
          minmay_the_grid_holed_spiral, minmay_the_grid_outer_diamond,
          minmay_the_grid_square_x, minmay_the_grid_doors], abyss_entry,
          hell_entry, pan_entry
Depths:4: minmay_isolated_rectangles_in_corner, layout_small_grid,
          pf_dread_powers_of_hell, serial_shops, nicolae_shop_behind_doors,
          abyss_entry_flame_altar, rand_demon_pan_entry_7, serial_bayou_pond_a,
          minmay_shoptagon
Depths:5: evilmike_zot_entry_diamond, layout_small_grid, enter_ziggurat_b,
          cheibriados_altar_1, grunt_pan_entry_in_and_out, hell_entry,
          kennysheep_random_hallway
Hell
Geh:1:    layout_gehenna_pools_triple
Geh:2:    layout_gehenna_lava_caves, lemuel_elevator
Geh:3:    layout_gehenna_pools_basic
Geh:4:    layout_gehenna_lava_caves
Geh:5:    layout_gehenna_lava_caves
Geh:6:    layout_gehenna_pools_triple
Geh:7:    geh_hangedman
Coc:1:    layout_ice_bergs
Coc:2:    layout_ice_bergs
Coc:3:    layout_ice_bergs, lemuel_elevator
Coc:4:    layout_cocytus_water_paths
Coc:5:    layout_ice_bergs
Coc:6:    layout_cocytus_water_paths
Coc:7:    coc_mu

Skill      XL: |  1  2  3  4  5  6  7  8  9 10 11 12 13 14 15 16 17 18 19 20 21 22 23 24 25 26 27 |
---------------+----------------------------------------------------------------------------------+-----
Spellcasting   | 4 5 6 7 10 11 12 15 18 19 20 23 | 23.0
Ice Magic      | 5 9 10 12 14 15 17 18 20 | 20.0
Dodging        | 3 5 6 10 11 12 13 15 17 20 | 20.5
Fighting       | 1 3 4 5 8 10 12 13 15 16 17 18 19 20 26 | 26.1
Armour         | 6 7 |  7.0
Air Magic      | 8 11 15 19 20 | 20.0
Hexes          | 7 |  7.0
Fire Magic     | 5 13 17 | 17.0
Shields        | 4 |  4.0
Transmutations | 3 8 |  8.2
Earth Magic    | 3 5 10 15 | 15.0
Conjurations   | 7 |  7.0
Stealth        | |  2.4

Action                   |  1- 3 |  4- 6 |  7- 9 | 10-12 | 13-15 | 16-18 | 19-21 | 22-24 | 25-27 || total
-------------------------+-------+-------+-------+-------+-------+-------+-------+-------+-------++-------
Melee: Unarmed           |     6 |       |       |     2 |       |       |       |       |       ||     8
       Short sword       |    14 |    29 |    11 |   214 |   243 |   279 |    39 |       |       ||   829
       Dagger            |       |    17 |   227 |   204 |   155 |   107 |       |       |       ||   710
       Staff             |       |       |       |       |       |       |    72 |   115 |   348 ||   535
       Trident           |       |       |       |       |       |       |    10 |    42 |    50 ||   102
       Kick              |       |       |       |       |       |       |       |       |     4 ||     4
 Cast: Freeze            |    44 |    27 |    12 |    39 |     4 |     4 |       |     4 |       ||   134
       Frozen Ramparts   |     1 |    19 |    47 |    80 |    33 |    61 |    25 |    37 |    21 ||   324
       Ozocubu's Armour  |       |     2 |    14 |    24 |    14 |    14 |     4 |     3 |       ||    75
       Summon Ice Beast  |       |       |    23 |    89 |   106 |    87 |    46 |    56 |   113 ||   520
       Ozocubu's Refrige |       |       |       |    15 |   180 |   211 |   299 |   229 |   304 ||  1238
       Freezing Cloud    |       |       |       |       |     2 |    10 |    11 |     9 |     6 ||    38
       Searing Ray       |       |       |       |       |     7 |     1 |       |       |       ||     8
       Airstrike         |       |       |       |       |       |   126 |   134 |   214 |   817 ||  1291
       Invisibility      |       |       |       |       |       |     6 |     1 |     1 |       ||     8
       Inner Flame       |       |       |       |       |       |    42 |    51 |    61 |   149 ||   303
       Absolute Zero     |       |       |       |       |       |       |     9 |    51 |    72 ||   132
       Statue Form       |       |       |       |       |       |       |     1 |     5 |     9 ||    15
       Ignition          |       |       |       |       |       |       |       |     1 |    78 ||    79
       Iron Shot         |       |       |       |       |       |       |       |       |   119 ||   119
       Tornado           |       |       |       |       |       |       |       |       |    75 ||    75
 Abil: Evoke Flight      |       |       |       |       |       |       |     1 |       |    33 ||    34
       Stop Flying       |       |       |       |       |       |       |       |       |     5 ||     5
       End Transformatio |       |       |       |       |       |       |       |       |     2 ||     2
Evoke: Wand              |       |       |     7 |       |    17 |       |       |       |       ||    24
  Use: Potion            |       |     1 |       |     6 |       |     1 |     2 |     8 |    18 ||    36
       Scroll            |       |       |       |    17 |    10 |    15 |    11 |    24 |    16 ||    93
 Stab: Sleeping          |     1 |       |       |     2 |     1 |       |       |       |       ||     4
       Distracted        |       |       |     2 |       |       |    16 |       |     1 |     5 ||    24
Armor: Robe              |    13 |    24 |    62 |   145 |     6 |       |       |       |       ||   250
       Ring mail         |       |       |       |       |   222 |   270 |    61 |   127 |   409 ||  1089
       Skin              |       |       |       |       |       |       |     4 |     8 |    52 ||    64
Dodge: Dodged            |    46 |    49 |   243 |   558 |   604 |   578 |   177 |   502 |  1568 ||  4325
Block: Other             |       |       |       |       |       |   115 |     7 |     3 |       ||   125
       Reflection        |       |       |       |       |       |    15 |    24 |     8 |       ||    47
       Buckler           |       |       |       |       |       |    42 |    93 |   169 |   629 ||   933
